 Dungeon Crawl Stone Soup version 0.30.0-29-ga12c61a403 (webtiles) character file.

Game seed: 409360290003872289

6 BONEBRO the Caller (level 1, 0/7 HPs)
             Began as a Felid Summoner on June 13, 2023.
             Constricted to death by a ball python (1 damage)
             ... on level 1 of the Dungeon.
             The game lasted 00:03:27 (257 turns).

BONEBRO the Caller (Felid Summoner)                  Turns: 257, Time: 00:03:28

Health: 0/7        AC:  1    Str:  4    XL:     1   Next: 75%
Magic:  2/4        EV: 14    Int: 16    God:
Gold:   0          SH:  0    Dex: 16    Spells: 3/4 levels left
                                        Lives:  0   Deaths: 0

rFire   . . .        (weapon unavailable)
rCold   . . .        (shield unavailable)
rNeg    . . .        (body armour unavailable)
rPois   .            (helmet unavailable)
rElec   .            (cloak unavailable)
rCorr   .            (gloves unavailable)
SInv    +            (boots unavailable)
Will    .....        (no amulet)
Stlth   ++           (no ring)
HPRegen 0.21/turn    (no ring)
MPRegen 0.09/turn

%: no passive effects
@: constricted, quick
A: very small, claws 1, fangs 3, see invisible, speed 1, shaggy fur 1, stealthy
paws, no weapons or thrown items, no armour, multi-lived
a: no special abilities


You were on level 1 of the Dungeon.
You visited 1 branch of the dungeon, and saw 1 of its levels.

Inventory:

Hand Weapons
 c - a +0 hand axe
Potions
 a - a potion of magic
 b - a potion of haste {unknown}


   Skills:
 - Level 2.6 Dodging
 - Level 2.6 Stealth
 - Level 2.0 Spellcasting
 + Level 4.3 Summonings


You had 3 spell levels left.
You knew the following spells:

 Your Spells              Type           Power      Damage    Failure   Level
a - Summon Small Mammal   Summ           60%        N/A       3%          1

Your spell library contained the following spells:

 Spells                   Type           Power      Damage    Failure   Level
 Call Imp                 Summ           30%        N/A       5%          2
 Call Canine Familiar     Summ           15%        N/A       11%         3
 Summon Guardian Golem    Hex/Summ       8%         N/A       26%         3
 Summon Lightning Spire   Summ/Air       8%         N/A       63%         4


Dungeon Overview and Level Annotations

Branches:
Dungeon (1/15)

Altars:


Innate Abilities, Weirdness & Mutations

You have sharp claws.
You have razor-sharp teeth.
You have supernaturally acute eyesight. (SInv)
You cover ground quickly. (Speed+)
You are covered in fur. (AC +1)
Your paws help you pounce on unaware monsters.
You are incapable of wielding weapons or throwing items.
You cannot wear armour.
You gain extra lives every three experience levels.


Message History

Confirm with . or Enter, or press ? or * to list all spells.
Your rat disappears in a puff of smoke!
You closely miss the kobold.
The bat hits your rat but does no damage. x2
The kobold barely misses you.
Your rat bites the kobold.
The kobold dies!
A kobold comes into view. It is wielding a +0 short sword.
The bat hits you but does no damage. The bat barely misses you.
The bat hits your rat.
You scratch the bat.
You kill the bat!
The kobold shouts!
A ball python comes into view.
Your rat closely misses the kobold.
The ball python misses you. The ball python barely misses you.
Your rat bites the ball python.
You scratch the kobold.
The kobold is heavily wounded.
The kobold hits you with a +0 short sword.
The ball python misses you. The ball python closely misses you.
Your rat bites the kobold but does no damage.
Your rat barely misses the ball python.
You closely miss the kobold.
The kobold is heavily wounded.
The ball python closely misses you. The ball python grabs you.
The ball python constricts you. The kobold misses you.
Your rat completely misses the kobold.
Your rat bites the ball python.
You closely miss the kobold.
The kobold is heavily wounded.
The ball python misses you. The ball python constricts you.
The kobold closely misses you.
Your rat barely misses the kobold.
Your rat barely misses the ball python.
You miss the kobold.
The kobold is heavily wounded.
The ball python bites you.
* * * LOW HITPOINT WARNING * * *
The ball python constricts you.
* * * LOW HITPOINT WARNING * * *
The kobold misses you.
Your rat barely misses the kobold.
The ball python barely misses you. The ball python constricts you.
You die...

♣.♣.♣.♣.♣ #..#
#.......# ##..#
♣.♣(♣.♣.♣ ....#
#.....).#.###.#
♣.♣.♣.♣.♣.###.#
#......)†....!#
♣#♣#♣.♣r♣..##^#
#...#rS###.#
#...K@.# ..b
#...##.# ##.
##)# #... . #.
##.#.. # .# ...
.. .. ... . ..


You could see a ball python (ally target), a kobold (ally target) and 2 friendly
rats.

Vanquished Creatures
  A bat (D:1)
  A hobgoblin (D:1)
  A kobold (D:1)
  A rat (D:1)
4 creatures vanquished.

Vanquished Creatures (collateral kills)
  A frilled lizard (D:1)
  A kobold (D:1)
2 creatures vanquished.

Grand Total: 6 creatures vanquished

Notes
Turn   | Place    | Note
-------+----------+-------------------------------------------
     0 | D:1      | BONEBRO the Felid Summoner began the quest for the Orb.
     0 | D:1      | Reached XP level 1. HP: 7/7 MP: 4/4
   257 | D:1      | Constricted to death by a ball python

Illustrated notes

Levels and vault maps discovered:
D:1:      ldierk_walled_garden, layout_loops_ring, serial_forest,
          infiniplex_forest_clump_curved, infiniplex_forest_clump_medium,
          infiniplex_forest_end_2, infiniplex_forest_lined_2,
          infiniplex_forest_end_2, infiniplex_forest_lined_room_3

Action                     || total
---------------------------++-------
  Melee: Unarmed           ||    13
   Cast: Summon Small Mamm ||    10
 Armour: Skin              ||     1
  Dodge: Dodged            ||    16
